 Dungeon Crawl Stone Soup version 0.16.1-11-g651b585 (webtiles) character file.

111 Harvey99999 the Skirmisher (level 4, -1/43 HPs)
             Began as a Naga Fighter on Apr 1, 2015.
             Slain by ButterShy's ghost (12 damage)
             ... on level 3 of the Dungeon.
             The game lasted 00:08:31 (2108 turns).

Harvey99999 the Skirmisher (Naga Fighter)           Turns: 2108, Time: 00:08:31

Health: -1/43      AC:  5    Str: 19    XL:     4   Next: 92%
Magic:  4/4        EV:  5    Int:  8    God:
Gold:   65         SH:  9    Dex: 11    Spells: 0 memorised, 3 levels left

rFire  . . .     SeeInvis +     a - +1 war axe
rCold  . . .     Clarity  .     b - +0 scale mail
rNeg   . . .     SustAb   .     c - +0 shield
rPois  +         Gourm    .     (no helmet)
rElec  .         Spirit   .     (no cloak)
rCorr  .         Warding  .     (no gloves)
rMut   .         Stasis   .     (no barding)
MR     .....                    (no amulet)
Stlth  ..........               (no ring)
                                p - ring of see invisible

@: very slow, not resistant to hostile enchantments, extremely unstealthy
A: spit poison, see invisible, deformed body, poison resistance, slowness 2, AC
+1
a: Spit Poison


You were on level 3 of the Dungeon.
You were not hungry.

You visited 1 branch of the dungeon, and saw 3 of its levels.

You collected 65 gold pieces.

Inventory:

Hand weapons
 a - a +1 war axe (weapon)
Missiles
 f - 11 bolts
 l - 33 arrows
Armour
 b - a +0 scale mail (worn)
 c - a +0 shield (worn)
Jewellery
 p - a ring of see invisible (left hand)
Magical devices
 o - a wand of heal wounds (3)
Scrolls
 h - a scroll of teleportation
Potions
 e - a potion of might
 i - a potion of agility {unknown}
 q - a potion of beneficial mutation {unknown}
Comestibles
 d - 2 bread rations
 k - a meat ration


   Skills:
 + Level 3.6 Fighting
 + Level 2.4 Axes
 + Level 3.3 Armour
 + Level 0.7 Dodging
 + Level 2.9 Shields


You had 3 spell levels left.
You didn't know any spells.

Dungeon Overview and Level Annotations

Branches:
Dungeon (3/15)

Altars:
Nemelex Xobeh
Xom

Annotations:
D:3 ButterShy's ghost, average HuCK


Innate Abilities, Weirdness & Mutations

You cannot wear boots.
You can spit poison.
Your serpentine skin is tough (AC +1).
You have supernaturally acute eyesight.
Armour fits poorly on your strangely shaped body.
Your system is resistant to poisons.
You cover ground very slowly.


Message History

You climb downwards.
Level annotation: ButterShy's ghost, average HuCK You block ButterShy's ghost's attack.
There is a stone staircase leading up, spattered with blood here.
You hit ButterShy's ghost.
ButterShy's ghost is lightly damaged.
ButterShy's ghost hits you.
ButterShy's ghost hits you but does no damage.
You are electrocuted!
You slash ButterShy's ghost!
ButterShy's ghost is moderately damaged.
ButterShy's ghost hits you!
* * * LOW HITPOINT WARNING * * *
ButterShy's ghost freezes you.
* * * LOW HITPOINT WARNING * * *
You slash ButterShy's ghost!
ButterShy's ghost is severely damaged.
ButterShy's ghost hits you but does no damage.
You are electrocuted!
You die...

. . .. ...#
.. ...# . ##.
...# ... #..
...# ..#..
...# .
...#?..#
.....##.....#
.......W@..#
.....#.)...#
. #........
#........#
.....#...#
......#...#
####...# .#
..... . ...


You could see ButterShy's ghost.

Vanquished Creatures
  Natasha (D:2)
  3 adders (D:2)
  A giant mite (D:2)
  3 worms (D:2)
  An ooze (D:2)
  6 bats
  A giant cockroach (D:1)
  3 goblins
  3 hobgoblins
  4 kobolds (D:1)
  3 giant newts
  8 rats
37 creatures vanquished.

Vanquished Creatures (others)
  A kobold (D:1)
  A rat (D:1)
2 creatures vanquished.

Grand Total: 39 creatures vanquished

Notes
Turn   | Place    | Note
--------------------------------------------------------------
     0 | D:1      | Harvey99999, the Naga Fighter, began the quest for the Orb.
     0 | D:1      | Reached XP level 1. HP: 21/21 MP: 1/1
   179 | D:1      | Reached XP level 2. HP: 25/28 MP: 2/2
   691 | D:2      | Reached XP level 3. HP: 14/34 MP: 3/3
   806 | D:2      | Found a shimmering altar of Xom.
   806 | D:2      | Found a sparkling altar of Nemelex Xobeh.
   952 | D:2      | Reached XP level 4. HP: 12/42 MP: 4/4
  1612 | D:3      | Noticed Natasha
  1612 | D:3      | Noticed ButterShy's ghost (average HuCK)
  1873 | D:2      | Killed Natasha
  2108 | D:3      | Slain by ButterShy's ghost

Action                   |  1- 3 |  4- 6 || total
-------------------------+-------+-------++-------
Melee: War axe           |    68 |    55 ||   123
 Abil: Spit Poison       |     4 |     3 ||     7
  Use: Scroll            |     4 |     3 ||     7
       Potion            |       |     1 ||     1
  Eat: Chunk             |       |     3 ||     3
       Beef jerky        |       |     1 ||     1
